Map: Hard Lead LE

Players

Palette - Winner!

  • Race: Protoss Protoss
  • League: Master
  • Spawn Location: 5:00

PartinG

  • Race: Protoss Protoss
  • League: Master
  • Spawn Location: 11:00

VOD

Have the link to the VOD?

Description

cheese opener

Time

  • Played on: March 11, 2024, 10:57 p.m.
  • Length: 7:23
Show
View Real Time Build Order
Export as new Build Order

Palette Protoss - Winner!

Build Orders:  

Get SALT Encoding   

  12  0:00  Probe  
  13  0:12  Probe  
  14  0:18  Pylon  
  14  0:24  Probe (Chrono Boost)  
  15  0:38  Gateway, Probe (Chrono Boost)  
  16  0:43  Probe (Chrono Boost)  
  16  0:46  Assimilator  
  17  0:53  Probe  
  18  0:58  Pylon  
  18  1:05  Probe  
  19  1:20  Gateway  
  19  1:22  Gateway  
  19  1:31  Cybernetics Core  
  19  1:34  Probe  
  20  1:41  Assimilator  
  20  1:46  Probe  
  21  1:53  Pylon  
  21  2:01  Zealot (Chrono Boost)  
  24  2:06  Adept x2 (Chrono Boost)  
  23  2:10  Probe  
  28  2:16  Warp Gate (Chrono Boost)  
  28  2:22  Probe  
  29  2:26  Pylon  
  28  2:40  Adept x2  
  32  2:44  Stalker  
  34  3:01  Pylon  
  32  3:09  Probe  
  31  3:20  Stalker  
  31  3:22  Shield Battery  
  31  3:38  Twilight Council  
  27  3:50  Nexus  
  27  4:02  Adept x2  
  31  4:03  Stalker  
  33  4:14  Blink (Chrono Boost)  
  33  4:18  Probe  
  32  4:36  Probe  
  32  4:37  Stalker  
  33  4:47  Pylon  
  33  4:53  Probe  
  33  4:59  Stalker x2  
  38  5:05  Probe  
  38  5:06  Probe  
  40  5:16  Stalker  
  40  5:17  Probe  
  40  5:18  Probe  
  44  5:29  Probe  
  44  5:30  Probe  
  46  5:40  Stalker x2  
  46  5:41  Probe  
  46  5:42  Probe  
  52  5:50  Stalker  
  52  5:53  Probe  
  52  5:54  Probe  
  52  6:08  Stalker x2  
  52  6:11  Gateway  
  56  6:23  Stalker  
  56  6:32  Stalker  
  56  6:34  Stalker  
  56  6:37  Pylon x2  
  60  6:40  Probe x2  
  62  6:57  Stalker x2  
  64  7:08  Stalker x2  
  64  7:09  Probe  
  64  7:10  Probe  
  62  7:22  Nexus  
Show
View Real Time Build Order
Export as new Build Order

PartinG Protoss 

Build Orders: Oracle Opening 

Get SALT Encoding   

  12  0:00  Probe  
  13  0:12  Probe  
  14  0:17  Pylon  
  14  0:24  Probe (Chrono Boost)  
  15  0:36  Probe (Chrono Boost)  
  15  0:37  Gateway  
  16  0:45  Probe (Chrono Boost)  
  16  0:46  Assimilator  
  17  0:51  Probe  
  17  0:54  Assimilator  
  18  1:03  Probe (Chrono Boost)  
  19  1:08  Gateway  
  20  1:12  Probe (Chrono Boost)  
  20  1:17  Probe (Chrono Boost)  
  20  1:24  Cybernetics Core  
  21  1:29  Probe  
  22  1:35  Pylon  
  22  1:41  Probe  
  23  1:53  Probe  
  24  2:00  Stalker x2  
  28  2:01  Warp Gate  
  28  2:11  Pylon  
  28  2:24  Stargate  
  28  2:42  Nexus  
  26  2:52  Probe  
  26  3:04  Probe  
  24  3:07  Oracle (Chrono Boost)  
  27  3:16  Probe  
  28  3:28  Probe  
  26  3:41  Probe  
  25  3:49  Stalker x2  
  25  3:54  Probe (Chrono Boost)  
  30  4:00  Probe (Chrono Boost)  
  33  4:10  Probe x2 (Chrono Boost)  
  33  4:15  Twilight Council  
  33  4:17  Probe  
  33  4:28  Stalker  
  34  4:31  Probe  
  34  4:41  Stalker  
  34  4:43  Probe  
  34  4:45  Probe  
  38  4:52  Shield Battery  
  38  4:57  Probe  
  38  4:59  Blink (Chrono Boost), Probe  
  40  5:12  Probe  
  38  5:16  Probe  
  39  5:24  Probe  
  40  5:30  Stalker x2  
  40  5:32  Probe  
  45  5:36  Probe  
  46  5:45  Probe  
  46  5:48  Probe  
  48  5:52  Gateway  
  48  5:58  Stalker x2  
  40  6:22  Stalker x2  
  40  6:24  Probe x2  
  42  6:36  Gateway  
  42  6:39  Probe x2  
  44  6:46  Stalker x3  
  50  6:51  Probe  
  41  7:09  Stalker x3  
Tags
 
Add a new tag
Caveats
  • Supply blocks, unpowered buildings, or Contaminate may cause inaccurate times.
  • Supply counts are checked every 10 seconds.